 Dungeon Crawl Stone Soup version 0.30-a0-779-g7971cf19c3 (webtiles) character file.

Game seed: 10855832419703773191

706435 juan097 the Slayer (level 27, -32/255 (271) HPs)
             Began as a Minotaur Berserker on Feb 17, 2023.
             Was the Champion of Trog.
             Killed from afar by an ancient lich (56 damage)
             ... with a crystal spear
             ... on level 9 of a ziggurat.
             The game lasted 03:45:54 (63194 turns).

juan097 the Slayer (Minotaur Berserker)            Turns: 63194, Time: 03:45:55

HP:   -32/255 (271) AC: 43    Str: 30 (32) XL:     27
MP:   0/7           EV: 18    Int:  3 (4)  God:    Trog [******]
Gold: 7123          SH: 16    Dex: 11 (12) Spells: 26/26 levels left

rFire   + + +      SeeInvis +    b - +9 broad axe (antimagic)
rCold   + + .      Faith    .    N - +2 shield of Resistance {rF++ rC++ Will++}
rNeg    . . .      Spirit   .    O - +12 gold dragon scales
rPois   +          Reflect  .    Y - +2 hat {Will+}
rElec   .          Harm     .    i - +2 cloak
rCorr   .          Rampage  .    D - +3 Mad Mage's Maulers {Infuse+∞ VampMP -Cast}
Will    +++++      NoCast   +    R - +0 pair of boots Stlth
                                 o - amulet of the acrobat
HPRegen 1.00/turn                T - ring of see invisible
MPRegen 0.10/turn                S - +5 ring of evasion {=R}

@: strong-willed, corroded, regenerating, hasted, studying 2 skills, drained,
very quick
A: horns 2, retaliatory headbutt, claws 1, deterioration 1, inhibited
regeneration, weak 1, cold vulnerability 1, subdued magic 1
}: 5/15 runes: decaying, serpentine, slimy, silver, abyssal
a: Renounce Religion, Berserk, Trog's Hand, Brothers in Arms


You were on level 9 of a ziggurat.
You worshipped Trog.
Trog was exalted by your worship.
You visited 11 branches of the dungeon, and saw 53 of its levels.
You visited the Abyss 1 time.
You visited 1 ziggurat, and saw 9 of its levels.
You also visited: Ossuary and Bailey.

You collected 10772 gold pieces.
You spent 3649 gold pieces at shops.

Inventory:

Hand Weapons
 a - a +9 heavy broad axe
 b - a +9 antimagic broad axe (weapon)
Missiles
 c - 3 curare-tipped darts
 e - 2 throwing nets
 r - 9 silver javelins
 A - 3 javelins
 E - 20 boomerangs (quivered)
 U - 6 atropa-tipped darts
 V - 7 silver boomerangs
Armour
 i - a +2 cloak (worn)
 C - the +10 tower shield of Ignorance {rN+ Int-4}
   (You took it off a daeva on level 5 of a ziggurat)

   Int:       It affects your intelligence (-4).
   rN:        It protects you from negative energy.
 D - the +3 Mad Mage's Maulers (worn) {Infuse+∞ VampMP -Cast}
   (You found it on level 4 of a ziggurat)

   Infuse+∞: It empowers its wearer's blows with all of their magic.
   VampMP:    Blows struck in melee replenish the wearer's magic.
   -Cast:     It prevents spellcasting.
 F - a +1 tower shield of reflection
 J - the +3 pair of gauntlets of War {Slay+5}
   (You found it on level 5 of the Vaults)

   Slay:      It affects your accuracy & damage with ranged weapons and melee
   (+5).
 N - the +2 shield of Resistance (worn) {rF++ rC++ Will++}
   (You found it on level 5 of the Vaults)

   rF:        It greatly protects you from fire.
   rC:        It greatly protects you from cold.
   Will:      It greatly increases your willpower.
 O - +12 gold dragon scales (worn)
 R - a +0 pair of boots (worn)
 Y - a +2 hat of willpower (worn)
Jewellery
 o - an amulet of the acrobat (around neck)
 v - the ring of Ufing {Fly Str+4 Int+3 Dex-3}
   (You found it on level 4 of the Depths)

   [ring of flight]

   Str:       It affects your strength (+4).
   Int:       It affects your intelligence (+3).
   Dex:       It affects your dexterity (-3).
   Fly:       It grants you flight.
 K - the ring "Cout" {+Blink rElec rF+ rCorr}
   (You found it on level 5 of the Pits of Slime)

   [ring of resist corrosion]

   rF:        It protects you from fire.
   rElec:     It insulates you from electricity.
   +Blink:    It lets you blink.
   rCorr:     It protects you from acid and corrosion.
 S - a +5 ring of evasion (right hand) {=R}
 T - a ring of see invisible (left hand)
Wands
 m - a wand of acid (5)
 G - a wand of roots (38)
 P - a wand of digging (11)
Scrolls
 h - 25 scrolls of teleportation
 j - 7 scrolls of magic mapping
 n - 9 scrolls of blinking
 q - 3 scrolls of enchant weapon
 s - a scroll of silence
 x - 2 scrolls of summoning
 z - 13 scrolls of poison
 I - 3 scrolls of enchant armour
 W - 11 scrolls of fog
 X - 4 scrolls of amnesia
Potions
 d - 3 potions of invisibility
 f - a potion of heal wounds
 g - 4 potions of berserk rage
 k - 28 potions of curing
 l - 6 potions of haste
 p - a potion of ambrosia
 t - 7 potions of flight
 u - 3 potions of might
 w - 3 potions of cancellation
 H - a potion of mutation
 M - 5 potions of resistance
 Q - 4 potions of attraction
Miscellaneous
 y - a phantom mirror
 B - a tin of tremorstones (2/2)
 L - a phial of floods
 Z - a condenser vane (inert)


   Skills:
 + Level 26.9 Fighting
 - Level 18.8(20.0) Axes
 - Level 11.4(16.4) Maces & Flails
 - Level 6.0 Ranged Weapons
 + Level 22.8 Throwing
 + Level 26.0 Armour
 + Level 18.3 Dodging
 * Level 6.9 Stealth
 + Level 18.4 Shields
 + Level 18.2 Evocations


You had 26 spell levels left.
You didn't know any spells.
Your spell library was empty.

Dungeon Overview and Level Annotations

Branches:
Dungeon (15/15)            Temple (0/1) D:6            Lair (5/5) D:9
  Swamp (4/4) Lair:3        Snake (4/4) Lair:2        Slime (5/5) Lair:5
    Orc (2/2) D:10            Elf (0/3) Orc:2        Vaults (5/5) D:14
  Crypt (3/3) Vaults:2       Tomb (0/3) Crypt:3      Depths (4/4) D:15
   Hell (visited)             Dis (0/7) Hell            Geh (0/7) Hell
    Coc (0/7) Hell            Tar (0/7) Hell            Zot (5/5) Depths:4
Ossuary (visited)          Bailey (visited)

Altars:
Ashenzari
Cheibriados
Gozag
Makhleb
Nemelex Xobeh
Okawaru
Ru
Sif Muna
Wu Jian
The Shining One
Jiyva

Shops:
D:4 ?   D:5 ?   D:10 *   Orc:2 ((((!*:   Vaults:4 ?   Depths:3 *[(

Portals:
Hell: Depths:1 Depths:2 Depths:3 Depths:4
Abyss: Depths:1 Depths:3
Pandemonium: Depths:2
Trove: D:12 (give 6 scrolls of blinking)

Annotations:
D:9 3 runed translucent doors, Shayle's ghost, novice DsCj
Snake:2 2 transporters, Lyhiamabb's ghost, adept OgBe
Orc:1 2 transporters, dolemite99's ghost, journeyman GrEE
Zot:5 2 transporters, Benajun's ghost, veteran OgBe


Innate Abilities, Weirdness & Mutations

You have a pair of horns on your head.
You reflexively headbutt those who attack you in melee.
You have sharp fingernails.
Your body sometimes deteriorates upon taking damage.
You do not regenerate when monsters are visible.
You are weak. (Str -2)
You are vulnerable to cold. (rC-)
Your spells are a little easier to cast, but a little less powerful.


Message History

You feel invigorated.
You feel much better.
You feel better.
You feel less invigorated. You block the ancient lich's attack.
The ancient lich touches you but does no damage.
You open the ancient lich like a pillowcase!!!
You headbutt the ancient lich, but do no damage.
The ancient lich is severely damaged.
The ancient lich points at you and mumbles some strange words.
The bolt of acid hits you!! The acid corrodes you!
You feel magic leave you.
b - a +9 antimagic broad axe (weapon)
The ancient lich closely misses you.
You slice the ancient lich!!
The ancient lich's magic leaks into the air.
Your headbutt misses the ancient lich.
The ancient lich is almost destroyed.
The ancient lich touches you but does no damage.
You hit the ancient lich but do no damage.
The ancient lich is almost destroyed.
The ancient lich misses you.
You slash the dread lich!
The dread lich's magic leaks into the air.
You headbutt the dread lich!
The dread lich is moderately damaged.
You hit the ancient lich but do no damage.
The ancient lich's magic is no longer disrupted.
The ancient lich casts a spell at you. The bolt of acid hits you!!!
* * * LOW HITPOINT WARNING * * *
Okay, then.
You feel yourself speed up.
The ancient lich touches you but does no damage.
The dread lich touches you but does no damage.
The sphinx mumbles some strange words.
Something smites you!
* * * LOW HITPOINT WARNING * * *
The ancient lich points at you and mumbles some strange words.
The crystal spear hits you!!!
You die...

▓▓▓▓▓▓▓▓▓▓▓
▓▓..§....p§▓▓
▓▓.......§§§.▓▓
▓▓.........§§L@▓
▓▓L.......H...L§§▓
▓▓°L°.H........?)}§▓
▓.2LC....1.....[}?>?▓
▓▓12.p.........=$!∩▓▓
▓▓.°...........$[▓▓
▓▓............[▓▓
▓▓..1........▓▓
▓▓.........▓▓


You could see an ancient lich (fast, invisible), a dread lich (invisible, magic
disrupted), a Tzitzimitl (summoned), a sphinx and a vault warden.

Vanquished Creatures
  the Royal Jelly (Slime:5)
  3 dread liches
  8 ancient liches
  4 orbs of fire (Zot:5)
  3 juggernauts
  Sojobo (Depths:3)
  3 royal mummies
  A shard shrike (Zot:1)
  Bai Suzhen (Swamp:4)
  3 Killer Klowns
  A curse toe (Zot:4)
  5 caustic shrikes
  Geryon (Hell)
  The ghost of Vetoew the Black Belt, a veteran DsSu of Jiyva (Crypt:2)
  10 golden dragons
  A pearl dragon (Zig:5)
  The ghost of Zievuyg the Executioner, an adept MiFi of the Shining One (Crypt:2)
  Jory (Vaults:5)
  4 bone dragons
  5 electric golems
  Jorgrun (Orc:1)
  25 Orb Guardians (Zot:5)
  Rupert (Orc:2)
  4 liches
  7 titans
  22 tentacled monstrosities
  A searing wretch (Zig:3)
  15 acid blobs
  3 walking divine tomes
  10 quicksilver dragons
  A kraken (Abyss:4)
  3 tentacled starspawn
  6 sphinxes
  A thorn hunter (Swamp:4)
  5 ancient champions
  5 death cobs
  Kirke (Lair:4)
  8 tengu reavers
  2 daevas (Zig:5)
  16 shadow dragons
  5 rockslimes
  5 revenants
  4 draconian monks
  4 azure jellies
  6 nagarajas
  12 storm dragons
  9 draconian knights
  16 vault wardens
  8 fire giants
  12 frost giants
  Aizul (Snake:2)
  Louise (Swamp:4)
  10 draconian scorchers
  3 deep elf sorcerers (Vaults:5)
  2 balrugs
  An iron dragon (Depths:2)
  4 ghost moths
  3 draconian stormcallers
  19 ironbound preservers
  2 curse skulls (Crypt:3)
  11 ghouls
  3 reapers (Hell)
  An angel (Abyss:3)
  24 very ugly things
  5 orc warlords
  2 quicksilver oozes
  2 spriggan defenders (Depths:2)
  5 draconian shifters
  8 draconian annihilators
  8 ironbound thunderhulks
  5 war gargoyles
  An apis (Zig:5)
  17 stone giants
  17 vampire knights
  7 green draconians
  11 red draconians
  An eleionoma (Swamp:2)
  5 dire elephants
  14 yellow draconians
  A wendigo (Hell)
  10 white draconians
  13 spark wasps
  12 purple draconians
  19 black draconians
  4 eidola
  7 bunyips
  9 ettins
  A blizzard demon (Depths:2)
  3 crystal guardians
  14 jiangshi
  2 shambling mangroves
  7 deep elf death magi
  9 fire dragons
  16 yaktaur captains
  3 deep elf high priests (Vaults:5)
  4 mummy priests
  Josephine (Lair:4)
  12 great orbs of eyes
  3 salamander tyrants (Snake:4)
  6 ice dragons
  A spriggan zombie (Crypt:3)
  43 vault guards
  A hell beast (Hell)
  2 catoblepae
  2 ghost crabs
  An ice dragon (shapeshifter) (Vaults:5)
  A fenstrider witch zombie (Crypt:3)
  2 spriggan air magi
  3 peacekeepers
  12 hydras
  2 ogre magi
  5 ironbound frosthearts
  A juggernaut simulacrum (Hell)
  Erica (D:8)
  11 anacondas
  4 alligators
  3 boulder beetles
  14 centaur warriors
  4 dancing weapons
  3 death knights
  5 two-headed ogres
  18 naga warriors
  8 tengu warriors
  A death scarab (Zig:8)
  10 deep troll shamans
  18 vampire magi
  5 deep troll earth magi
  4 spriggan berserkers
  A titan zombie (Crypt:1)
  10 naga sharpshooters
  2 orc high priests
  7 shock serpents
  A thrashing horror (Abyss:2)
  9 sun demons
  Sonja (Lair:1)
  8 soul eaters
  11 hell knights
  5 wretched stars
  3 golden dragon zombies (Crypt:3)
  7 salamander mystics
  A shadow wraith (Crypt:3)
  13 iron trolls
  A titan skeleton (Depths:3)
  A fire crab (Abyss:4)
  A sixfirhy (Abyss:3)
  A death drake (shapeshifter) (Vaults:3)
  A cherub (Zig:5)
  2 anaconda zombies (Crypt:3)
  2 sea snakes (Snake:3)
  25 skeletal warriors
  A bunyip zombie (Crypt:3)
  3 glowing orange brains
  3 goliath frogs
  A skyshark (Lair:2)
  2 death drakes (Zot:1)
  7 bog bodies
  14 swamp dragons
  70 deep trolls
  2 ghost moth zombies (Crypt:1)
  6 spriggan druids
  An iron giant skeleton (Crypt:1)
  A steelbarb worm (shapeshifter) (Vaults:5)
  12 wizards
  15 phantasmal warriors
  3 flayed ghosts
  A harpy (shapeshifter) (D:14)
  5 lindwurms
  An orange crystal statue (Vaults:2)
  An anaconda skeleton (Crypt:2)
  A fenstrider witch simulacrum (Hell)
  4 tengu zombies
  8 naga ritualists
  15 orc knights
  22 ironbound convokers
  2 deep elf pyromancers (D:12)
  18 mana vipers
  15 necromancers
  A fire giant zombie (Vaults:2)
  5 harpies
  A mana viper (shapeshifter) (Vaults:5)
  Pikel (D:6)
  2 tengu skeletons
  25 salamanders
  38 ugly things
  2 wolf spiders (Lair:3)
  6 shining eyes
  A frost giant zombie (Vaults:1)
  3 cyclopes
  4 manticores
  4 orc sorcerers
  A sphinx skeleton (Vaults:1)
  5 will-o-the-wisps
  20 moths of wrath
  An iron dragon skeleton (Depths:3)
  A naga zombie (Crypt:3)
  A stone giant skeleton (Vaults:4)
  2 water nymphs (shapeshifter)
  2 worldbinders (Abyss:1)
  2 centaur zombies
  18 vault sentinels
  Maurice (D:8)
  A fire giant skeleton (Zig:7)
  32 black mambas
  A molten gargoyle (Hell)
  An eye of devastation (shapeshifter) (Depths:2)
  2 eyes of devastation
  16 naga magi
  2 demonic crawlers
  An orange demon (Depths:2)
  5 smoke demons
  An elf skeleton (Vaults:4)
  An apocalypse crab (Abyss:4)
  7 cane toads
  A storm dragon simulacrum (Depths:3)
  13 guardian serpents
  A gargoyle (D:12)
  Psyche (D:8)
  7 rime drakes
  A red draconian zombie (Crypt:2)
  Maggie (D:8)
  A yellow draconian zombie (Crypt:2)
  A rime drake (shapeshifter) (D:13)
  A hellion (Zig:3)
  A bunyip simulacrum (Hell)
  A grey draconian zombie (Crypt:2)
  An iron troll zombie (Crypt:2)
  2 unseen horrors (D:12)
  2 tengu conjurers
  A tormentor (Hell)
  A black draconian skeleton (Crypt:3)
  A yellow draconian skeleton (Crypt:1)
  5 komodo dragons
  2 anaconda simulacra (Hell)
  An efreet (D:14)
  5 freezing wraiths
  30 yaktaurs
  19 guardian mummies
  3 red devils
  5 trolls
  12 polar bears
  8 tyrant leeches
  A hellwing (Abyss:4)
  A hydra skeleton (Crypt:1)
  A purple draconian skeleton (Zot:1)
  2 harpy zombies
  A queen bee (shapeshifter) (Vaults:5)
  A tengu simulacrum (Depths:3)
  14 blink frogs
  7 dream sheep (Lair:5)
  14 hornets
  3 meliai (D:15)
  2 death drake skeletons
  A tarantella zombie (Crypt:1)
  2 deep troll zombies (Vaults:2)
  2 harpy skeletons (Crypt:2)
  3 raiju
  4 small abominations
  A stone giant simulacrum (Vaults:4)
  A jumping spider (Vaults:5)
  3 ettin zombies
  An orc simulacrum (Hell)
  A black mamba zombie (Crypt:3)
  A culicivora (Vaults:5)
  6 flying skulls
  15 spriggans
  3 ynoxinuls
  2 air elementals (Zig:4)
  118 slime creatures
  An ice dragon skeleton (Crypt:1)
  17 wraiths
  57 yaks
  2 fire bats (Abyss:1)
  19 vampires
  3 wyverns
  8 golden eyes
  2 naga simulacra
  2 ushabtiu
  A slime creature zombie (Crypt:3)
  3 redbacks (Vaults:5)
  9 large abominations
  A fire bat (shapeshifter) (Abyss:2)
  A chaos spawn (Abyss:1)
  6 hogs (Lair:4)
  7 basilisks
  7 neqoxecs
  A steam dragon (Lair:5)
  12 vampire mosquitoes
  Menkaure (D:4)
  A glowing shapeshifter zombie (Vaults:3)
  10 wargs
  A harpy simulacrum (Hell)
  A two-headed ogre zombie (Crypt:3)
  4 acid dragons
  12 swamp worms
  18 hell hounds
  5 water moccasins
  A hydra simulacrum (Hell)
  47 nagas
  Duvessa (D:4)
  13 swamp drakes
  45 orc warriors
  4 sky beasts
  A glowing shapeshifter skeleton (Vaults:1)
  14 black bears
  2 ice beasts
  An elephant zombie (Crypt:3)
  A black bear (shapeshifter) (D:13)
  13 ogres
  4 human zombies
  25 centaurs
  An elf simulacrum (Vaults:3)
  A dream sheep skeleton (Crypt:2)
  24 wolves
  A tengu (Lair:3)
  3 lemures (D:6)
  3 kobold brigands (D:9)
  9 bullfrogs
  6 necrophages
  3 human skeletons
  A komodo dragon skeleton (Crypt:3)
  2 scorpions
  8 wights (D:8)
  Dowan (D:4)
  6 killer bees (D:10)
  A human simulacrum (Vaults:4)
  A wolf zombie (Crypt:2)
  3 electric eels
  A spriggan skeleton (Crypt:1)
  3 howler monkeys
  A quasit (Abyss:1)
  5 hounds
  18 orc priests
  A black bear zombie (Crypt:3)
  An iron imp (Abyss:3)
  4 jellies
  A centaur skeleton (Crypt:2)
  7 iguanas
  18 orc wizards
  6 hell rats (Lair:4)
  20 mummies
  4 gnolls
  7 adders
  A white imp (Vaults:2)
  2 ufetubi
  3 worms
  3 dart slugs
  88 orcs
  4 ball pythons
  A bat skeleton (Crypt:2)
  9 endoplasms
  10 giant cockroaches
  A gnoll zombie (Ossuary)
  13 goblins
  6 hobgoblins
  3 quokkas
  7 bats
  5 frilled lizards
  A goblin skeleton (Crypt:3)
  2 hobgoblin zombies (Ossuary)
  20 kobolds
  3 kobold zombies (Ossuary)
  2 orc zombies (Ossuary)
  11 rats
  A rat zombie (D:4)
  A butterfly (Lair:1)
  3 starspawn tentacles
  A tentacle (Abyss:4)
2469 creatures vanquished.

Vanquished Creatures (collateral kills)
  3 acid blobs (Slime:5)
  A hydra (D:14)
  A molten gargoyle (Hell)
5 creatures vanquished.

Vanquished Creatures (others)
  An eldritch tentacle (Zot:5)
  A storm dragon (Zot:2)
  A frost giant (Depths:3)
  A red draconian (Zot:1)
  A jiangshi (Depths:2)
  A gargoyle (D:12)
  A tyrant leech (Swamp:3)
  A bloated husk (Swamp:2)
  A golden eye (Slime:5)
  An orc wizard (Orc:1)
  30 foxfires
  20 fungi
  68 plants
  A starspawn tentacle (Abyss:2)
  6 tentacles (Abyss:4)
135 creatures vanquished.

Grand Total: 2609 creatures vanquished

Notes
Turn   | Place    | Note
-------+----------+-------------------------------------------
     0 | D:1      | juan097 the Minotaur Berserker began the quest for the Orb.
     0 | D:1      | Reached XP level 1. HP: 19/19 MP: 0/0
    82 | D:1      | Reached XP level 2. HP: 20/27 MP: 1/1
   491 | D:1      | Reached skill level 1 in Stealth
   590 | D:1      | Reached XP level 3. HP: 33/33 MP: 2/2
   769 | D:2      | Reached ** piety under Trog
   988 | D:2      | You fall into a shaft and drop 1 floor!
  1082 | D:3      | Reached XP level 4. HP: 40/40 MP: 3/3
  1121 | D:3      | Noticed a black bear
  1131 | D:3      | Killed a black bear
  1132 | D:3      | Reached skill level 5 in Axes
  1132 | D:3      | Reached skill level 1 in Evocations
  1132 | D:3      | Reached XP level 5. HP: 44/47 MP: 4/4
  1324 | D:2      | Found a faded altar of an unknown god.
  2535 | D:4      | Reached *** piety under Trog
  2562 | D:4      | Reached skill level 5 in Fighting
  2562 | D:4      | Reached XP level 6. HP: 43/56 MP: 5/5
  2736 | D:4      | Found a sand-covered staircase.
  2759 | D:4      | Found Gapnivvi's Magic Scroll Emporium.
  2778 | Ossuary  | Entered an ossuary
  3012 | D:4      | Bought a scroll of blinking for 97 gold pieces
  3012 | D:4      | Bought a scroll of fear for 52 gold pieces
  3012 | D:4      | Bought a scroll of teleportation for 39 gold pieces
  3012 | D:4      | Bought a scroll of summoning for 123 gold pieces
  3025 | D:4      | Bought a scroll of teleportation for 39 gold pieces
  3025 | D:4      | Bought a scroll of teleportation for 39 gold pieces
  3035 | D:4      | Noticed Menkaure
  3040 | D:4      | Killed Menkaure
  3041 | D:4      | Reached XP level 7. HP: 62/62 MP: 6/6
  3091 | D:4      | Noticed Dowan
  3214 | D:4      | Noticed Duvessa
  3225 | D:4      | Killed Duvessa
  3228 | D:4      | Killed Dowan
  3278 | D:4      | Reached **** piety under Trog
  3416 | D:4      | Found a shimmering blue altar of Sif Muna.
  3535 | D:5      | Entered Level 5 of the Dungeon
  3550 | D:5      | Found the +6 shillelagh "Devastator" {shatter}
  3784 | D:5      | Found Zataogai's Magic Scroll Shoppe.
  3787 | D:5      | Bought a scroll of noise for 14 gold pieces
  3792 | D:5      | Bought a scroll of poison for 56 gold pieces
  3916 | D:5      | Reached XP level 8. HP: 61/70 MP: 7/7
  4206 | D:5      | Reached skill level 1 in Maces & Flails
  4786 | D:6      | Found a staircase to the Ecumenical Temple.
  5003 | D:6      | Reached skill level 5 in Maces & Flails
  5095 | D:6      | Found a burning altar of Makhleb.
  5125 | D:6      | Noticed Pikel
  5193 | D:6      | Found a broken altar of Ashenzari.
  5388 | D:6      | Killed Pikel
  5389 | D:6      | Reached XP level 9. HP: 58/75 MP: 8/8
  5622 | D:6      | Found a sacrificial altar of Ru.
  5772 | D:6      | Found a sparkling altar of Nemelex Xobeh.
  6779 | D:8      | Reached ***** piety under Trog
  6830 | D:8      | Reached skill level 5 in Evocations
  6830 | D:8      | Found a flagged portal.
  6846 | Bailey   | Entered a bailey
  6908 | Bailey   | Reached XP level 10. HP: 64/86 MP: 9/9
  7029 | Bailey   | Noticed an orc knight
  7055 | Bailey   | Reached skill level 5 in Armour
  7278 | Bailey   | Killed an orc knight
  7284 | Bailey   | Reached skill level 5 in Dodging
  7676 | D:5      | Bought a scroll of enchant weapon for 105 gold pieces
  7757 | D:4      | Bought a scroll of fear for 52 gold pieces
  7757 | D:4      | Bought a scroll of enchant armour for 97 gold pieces
  7913 | D:8      | Reached skill level 10 in Maces & Flails
  7914 | D:8      | Noticed Maurice
  7928 | D:8      | Killed Maurice
  8234 | D:8      | Noticed Erica
  8238 | D:8      | Killed Erica
  8402 | D:8      | Found a snail-covered altar of Cheibriados.
  8492 | D:8      | Identified the +8 dagger of True Grit {antimagic, Str+2}
  8533 | D:8      | Noticed Maggie
  8546 | D:8      | Killed Maggie
  8705 | D:8      | Noticed Psyche
  8711 | D:8      | Killed Psyche
  9036 | D:9      | Reached XP level 11. HP: 95/97 MP: 10/10
  9347 | D:9      | Found a staircase to the Lair.
  9450 | D:9      | Reached skill level 10 in Fighting
  9644 | D:9      | Found a runed translucent gate.
  9644 | D:9      | Found a runed translucent gate.
  9644 | D:9      | Found a runed translucent gate.
 10002 | D:9      | Noticed Shayle's ghost (novice DsCj)
 10036 | D:10     | Entered Level 10 of the Dungeon
 10104 | D:10     | Found an ornate altar of the Wu Jian Council.
 10211 | D:10     | Reached skill level 1 in Ranged Weapons
 10314 | D:10     | Found Cigun's Evil Emporium.
 10364 | D:10     | Noticed a two-headed ogre
 10377 | D:10     | Killed a two-headed ogre
 10448 | D:10     | Found a staircase to the Orcish Mines.
 11107 | Lair:1   | Entered Level 1 of the Lair of Beasts
 11398 | Lair:1   | Received a gift from Trog
 11580 | Lair:1   | Noticed Sonja
 11591 | Lair:1   | Killed Sonja
 12059 | Lair:1   | Upgraded the game from 0.30-a0-778-g2ef04afb54 to
                  | 0.30-a0-779-g7971cf19c3
 12131 | Lair:2   | Reached XP level 12. HP: 110/110 MP: 11/11
 12300 | Lair:2   | Found a staircase to the Snake Pit.
 12353 | Lair:2   | Reached skill level 10 in Axes
 12631 | Lair:2   | Reached skill level 5 in Ranged Weapons
 12836 | Lair:2   | Reached skill level 10 in Armour
 13363 | Lair:3   | Found a staircase to the Swamp.
 13867 | Lair:3   | Received a gift from Trog
 14190 | Lair:4   | Identified the +12 trident "Siesich" {heavy, rElec}
 14198 | Lair:4   | Noticed Kirke
 14215 | Lair:4   | Killed Kirke
 14216 | Lair:4   | Reached XP level 13. HP: 118/118 MP: 12/12
 14383 | Lair:4   | Noticed Josephine
 14392 | Lair:4   | Killed Josephine
 14909 | Lair:5   | Entered Level 5 of the Lair of Beasts
 15131 | Lair:5   | Reached ****** piety under Trog
 15443 | Lair:5   | Found a staircase to the Slime Pits.
 15444 | Lair:5   | Found a viscous altar of Jiyva.
 15526 | Lair:5   | Received a gift from Trog
 15989 | Lair:5   | Noticed a fire dragon
 16037 | Lair:5   | Killed a fire dragon
 16038 | Lair:5   | Reached XP level 14. HP: 107/129 MP: 13/13
 16544 | Orc:1    | Entered Level 1 of the Orcish Mines
 16890 | Orc:1    | Noticed Jorgrun
 16900 | Orc:1    | Found a transporter.
 16917 | Orc:1    | Killed Jorgrun
 16918 | Orc:1    | Reached skill level 1 in Shields
 17061 | Orc:1    | Noticed dolemite99's ghost (journeyman GrEE)
 17075 | Orc:1    | Found a transporter.
 17119 | Orc:1    | Identified the +0 flail of Osory {flame, Dex+5} (Trog
                  | gifted it to you on level 1 of the Orcish Mines)
 17119 | Orc:1    | Received a gift from Trog
 17233 | Orc:2    | Entered Level 2 of the Orcish Mines
 17233 | Orc:2    | Found a staircase to the Elven Halls.
 17291 | Orc:2    | Found Raured's Weapon Shop.
 17357 | Orc:2    | Noticed Rupert
 17372 | Orc:2    | Killed Rupert
 17575 | Orc:2    | Received a gift from Trog
 17671 | Orc:2    | Paralysed by an orc sorcerer for 4 turns
 17677 | Orc:2    | HP: 1/127 [soul eater[an orc knight] (11)]
 17854 | Orc:2    | Reached skill level 5 in Shields
 17969 | Orc:2    | Found Vuyps's Weapon Boutique.
 18154 | Orc:2    | Found Ashyfe's Vocational Training.
 18199 | Orc:2    | Found Kodoeh's Distillery.
 18199 | Orc:2    | Found Cuaseh's Antique Weapon Shop.
 18201 | Orc:2    | Found Ecsoig's Antique Weapon Boutique.
 18203 | Orc:2    | Found Pitakap's Assorted Antiques.
 18207 | Orc:2    | Bought a potion of cancellation for 120 gold pieces
 18753 | D:11     | Reached skill level 15 in Axes
 18960 | D:12     | Received a gift from Trog
 19244 | D:12     | Noticed a frost giant
 19244 | D:12     | Noticed a storm dragon
 19253 | D:12     | Killed a frost giant
 19255 | D:12     | Killed a storm dragon
 19451 | D:12     | Found a portal to a secret trove of treasure.
 20033 | D:13     | Reached skill level 1 in Throwing
 20447 | D:14     | Reached XP level 15. HP: 138/138 MP: 14/14
 21056 | D:14     | Found a gate to the Vaults.
 21340 | D:15     | Entered Level 15 of the Dungeon
 21634 | D:15     | Found a staircase to the Depths.
 22080 | D:15     | Reached skill level 15 in Armour
 22092 | D:15     | Reached skill level 15 in Fighting
 22400 | Snake:1  | Entered Level 1 of the Snake Pit
 22960 | Snake:1  | Reached skill level 5 in Throwing
 23600 | Snake:2  | Reached XP level 16. HP: 149/149 MP: 10/15
 23717 | Snake:2  | Reached skill level 10 in Shields
 23813 | Snake:2  | Identified the +11 flail of Vifuogahab {flame, Will++ SInv}
                  | (Trog gifted it to you on level 2 of the Snake Pit)
 23813 | Snake:2  | Received a gift from Trog
 23867 | Snake:2  | Found a transporter.
 23872 | Snake:2  | Noticed Lyhiamabb's ghost (adept OgBe)
 24094 | Snake:2  | Found a transporter.
 24257 | Snake:2  | Noticed Aizul
 24275 | Snake:2  | Killed Aizul
 24857 | Snake:3  | Identified the +9 battleaxe "Hawaac" {flame, rN+}
 25279 | Snake:3  | Reached skill level 10 in Dodging
 25936 | Swamp:1  | Entered Level 1 of the Swamp
 26187 | Swamp:1  | Received a gift from Trog
 26482 | Swamp:2  | Reached XP level 17. HP: 129/160 MP: 16/16
 27102 | Swamp:3  | Identified the +1 robe of a wizard's laboratory {Dex+3}
 27274 | Swamp:3  | Identified the +5 great sword "Eloescha" {protect, +Blink
                  | rPois}
 27588 | Swamp:4  | Entered Level 4 of the Swamp
 27598 | Swamp:4  | Received a gift from Trog
 27611 | Swamp:4  | Noticed Louise
 27628 | Swamp:4  | Killed Louise
 27777 | Swamp:4  | Got a decaying rune of Zot
 27815 | Swamp:4  | Noticed Bai Suzhen
 27828 | Swamp:4  | Killed Bai Suzhen
 28500 | Orc:2    | Bought a manual of Evocations for 1440 gold pieces
 28790 | Snake:4  | Entered Level 4 of the Snake Pit
 29033 | Snake:4  | Identified the +9 spear "Jicopig" {heavy, SInv} (Trog
                  | gifted it to you on level 4 of the Snake Pit)
 29033 | Snake:4  | Received a gift from Trog
 29295 | Snake:4  | Identified the +1 robe of Qazlal's Benevolence {rC+ Str-3
                  | Int+9}
 29544 | Snake:4  | Reached XP level 18. HP: 172/172 MP: 17/17
 29676 | Snake:4  | Received a gift from Trog
 29939 | Snake:4  | Got a serpentine rune of Zot
 30478 | Vaults:1 | Entered Level 1 of the Vaults
 30527 | Vaults:1 | Reached skill level 10 in Evocations
 30729 | Vaults:1 | Reached skill level 15 in Shields
 31442 | Vaults:1 | Received a gift from Trog
 32010 | Vaults:2 | Found a staircase to the Crypt.
 32243 | Vaults:2 | Reached XP level 19. HP: 165/183 MP: 18/18
 33228 | Vaults:3 | Received a gift from Trog
 33381 | Vaults:3 | Identified the +3 dagger of the Manifold Friends {pain,
                  | Str+8}
 34001 | Vaults:3 | Reached skill level 15 in Evocations
 34008 | Vaults:3 | Received a gift from Trog
 34407 | Vaults:4 | Reached skill level 5 in Stealth
 34663 | Vaults:4 | Reached XP level 20. HP: 132/193 MP: 19/19
 34663 | Vaults:4 | Received a gift from Trog
 34884 | Vaults:4 | Found Xaaxots's Magic Scroll Shoppe.
 34892 | Vaults:4 | Bought a scroll of summoning for 171 gold pieces
 34892 | Vaults:4 | Bought 3 scrolls of enchant weapon for 405 gold pieces
 35361 | Vaults:4 | Reached skill level 10 in Throwing
 35706 | Depths:1 | Entered Level 1 of the Depths
 35739 | Depths:1 | Received a gift from Trog
 35826 | Depths:1 | Found an opulent altar of Gozag.
 36180 | Depths:1 | Found a one-way gate to the infinite horrors of the Abyss.
 36270 | Depths:1 | Found a gateway to Hell.
 36890 | Depths:2 | Noticed a juggernaut
 36903 | Depths:2 | Noticed a caustic shrike
 36904 | Depths:2 | Killed a juggernaut
 36911 | Depths:2 | Killed a caustic shrike
 37004 | Depths:2 | Noticed a golden dragon
 37007 | Depths:2 | Paralysed by a sphinx for 5 turns
 37019 | Depths:2 | Noticed a juggernaut
 37020 | Depths:2 | Killed a golden dragon
 37046 | Depths:2 | Received a gift from Trog
 37068 | Depths:2 | Noticed a golden dragon
 37075 | Depths:2 | Killed a golden dragon
 37144 | Depths:2 | Identified the +6 trident of Minodd {antimagic, rN+ rCorr
                  | Str+5}
 37220 | Depths:2 | Reached XP level 21. HP: 117/202 MP: 20/20
 37501 | Depths:2 | Killed a juggernaut
 37698 | Depths:2 | Gained mutation: You are frail. (-10% HP) [a neqoxec]
 37737 | Depths:2 | Found a one-way gate leading to the halls of Pandemonium.
 37796 | Depths:2 | Found a one-way gateway to a ziggurat.
 38254 | Depths:3 | Received a gift from Trog
 38256 | Depths:3 | Found Gozag's Antique Armour Shop.
 38331 | Depths:3 | Noticed a golden dragon
 38357 | Depths:3 | Found Gozag's Antique Weapon Shop.
 38357 | Depths:3 | Found an opulent altar of Gozag.
 38366 | Depths:3 | Found Gozag's Assorted Antiques.
 38429 | Depths:3 | Killed a golden dragon
 38647 | Depths:3 | Noticed Sojobo
 38877 | Depths:3 | Paralysed by an air elemental for 1 turns
 38881 | Depths:3 | Killed Sojobo
 39601 | Depths:4 | Entered Level 4 of the Depths
 39698 | Depths:4 | Noticed a juggernaut
 39706 | Depths:4 | Killed a juggernaut
 39863 | Depths:4 | Found a gate to the Realm of Zot.
 39863 | Depths:4 | Noticed a golden dragon
 39880 | Depths:4 | Killed a golden dragon
 39880 | Depths:4 | Received a gift from Trog
 40419 | Depths:4 | Noticed a caustic shrike
 40420 | Depths:4 | Noticed a caustic shrike
 40422 | Depths:4 | Noticed a caustic shrike
 40424 | Depths:4 | Noticed a caustic shrike
 40431 | Depths:4 | Killed a caustic shrike
 40432 | Depths:4 | Reached XP level 22. HP: 169/195 MP: 21/21
 40442 | Depths:4 | Killed a caustic shrike
 40448 | Depths:4 | Killed a caustic shrike
 40453 | Depths:4 | Killed a caustic shrike
 40916 | Depths:4 | Noticed a golden dragon
 40925 | Depths:4 | Killed a golden dragon
 40952 | Depths:4 | Found an iron altar of Okawaru.
 41036 | Depths:4 | Identified the ring of Ufing {Fly Str+4 Int+3 Dex-3}
 41577 | Slime:1  | Entered Level 1 of the Pits of Slime
 41614 | Slime:1  | Gained mutation: You are clumsy. (Dex -2) [a shining eye]
 41764 | Slime:2  | Gained mutation: You occasionally lose the ability to read
                  | scrolls when taking damage. [a shining eye]
 41769 | Slime:2  | Gained mutation: You have large cloven feet. [a shining
                  | eye]
 41870 | Slime:3  | Identified the +1 hand axe of Wicked Destruction {flame,
                  | rCorr} (Trog gifted it to you on level 3 of the Pits of
                  | Slime)
 41870 | Slime:3  | Received a gift from Trog
 41947 | Slime:4  | Gained mutation: You are dopey. (Int -2) [a shining eye]
 41948 | Slime:4  | Gained mutation: Your system is resistant to poisons.
                  | (rPois) [a shining eye]
 41950 | Slime:4  | Gained mutation: You are very frail. (-20% HP) [a shining
                  | eye]
 41951 | Slime:4  | Gained mutation: You sometimes lose the ability to read
                  | scrolls when taking damage. [a shining eye]
 42323 | Slime:5  | Entered Level 5 of the Pits of Slime
 42587 | Slime:5  | Gained mutation: You are extremely frail. (-30% HP) [a
                  | shining eye]
 42588 | Slime:5  | Gained mutation: You occasionally lose the ability to drink
                  | potions when taking damage. [a shining eye]
 42590 | Slime:5  | Gained mutation: Your spells are a little easier to cast,
                  | but a little less powerful. [a shining eye]
 42687 | Slime:5  | Noticed the Royal Jelly
 42872 | Slime:5  | Found a viscous altar of Jiyva.
 42874 | Slime:5  | Found the +2 hood of the Assassin {Detect Stab+ Stlth++}
 42877 | Slime:5  | Found the +4 skin of Zhor {*Englaciate rC+++ SInv}
 42955 | Slime:5  | Received a gift from Trog
 43260 | Slime:5  | Killed the Royal Jelly
 43326 | Slime:5  | Got a slimy rune of Zot
 43374 | Slime:5  | Identified the +2 pair of gloves "Afoliytae" {rPois rN+
                  | Int+3}
 43405 | Slime:5  | Identified the ring "Cout" {+Blink rElec rF+ rCorr}
 43513 | Slime:5  | Lost mutation: You occasionally lose the ability to drink
                  | potions when taking damage. [potion of mutation]
 43513 | Slime:5  | Lost mutation: You are dopey. (Int -2) [potion of mutation]
 43513 | Slime:5  | Lost mutation: Your system is resistant to poisons. (rPois)
                  | [potion of mutation]
 43513 | Slime:5  | Gained mutation: You have hidden genetic potential. [potion
                  | of mutation]
 43513 | Slime:5  | Gained mutation: You have a somewhat thin skeletal
                  | structure. (Dex +2, Stealth+) [potion of mutation]
 43513 | Slime:5  | Gained mutation: You are partially covered in iridescent
                  | scales. (AC +2) [potion of mutation]
 43523 | Slime:5  | Lost mutation: Your spells are a little easier to cast, but
                  | a little less powerful. [potion of mutation]
 43523 | Slime:5  | Lost mutation: You sometimes lose the ability to read
                  | scrolls when taking damage. [potion of mutation]
 43523 | Slime:5  | Lost mutation: You have hidden genetic potential. [potion
                  | of mutation]
 43523 | Slime:5  | Gained mutation: You have a pair of large horns on your
                  | head. [potion of mutation]
 43851 | Snake:2  | Lost mutation: You have large cloven feet. [potion of
                  | mutation]
 43851 | Snake:2  | Lost mutation: You occasionally lose the ability to read
                  | scrolls when taking damage. [potion of mutation]
 43851 | Snake:2  | Gained mutation: You are weak. (Str -2) [potion of
                  | mutation]
 43852 | Snake:2  | Lost mutation: You are partially covered in iridescent
                  | scales. (AC +2) [potion of mutation]
 43852 | Snake:2  | Lost mutation: You are clumsy. (Dex -2) [potion of
                  | mutation]
 43852 | Snake:2  | Lost mutation: You are weak. (Str -2) [potion of mutation]
 43852 | Snake:2  | Gained mutation: Your spells are a little harder to cast,
                  | but a little more powerful. [potion of mutation]
 43853 | Snake:2  | Lost mutation: Your spells are a little harder to cast, but
                  | a little more powerful. [potion of mutation]
 43853 | Snake:2  | Lost mutation: You have a pair of large horns on your head.
                  | [potion of mutation]
 43853 | Snake:2  | Gained mutation: You are partially covered in iridescent
                  | scales. (AC +2) [potion of mutation]
 43853 | Snake:2  | Gained mutation: Your spells are a little harder to cast,
                  | but a little more powerful. [potion of mutation]
 43854 | Snake:2  | Lost mutation: You are partially covered in iridescent
                  | scales. (AC +2) [potion of mutation]
 43854 | Snake:2  | Lost mutation: You are extremely frail. (-30% HP) [potion
                  | of mutation]
 43854 | Snake:2  | Gained mutation: You occasionally lose the ability to read
                  | scrolls when taking damage. [potion of mutation]
 44026 | Swamp:3  | Lost mutation: You have a somewhat thin skeletal structure.
                  | (Dex +2, Stealth+) [potion of mutation]
 44026 | Swamp:3  | Lost mutation: Your spells are a little harder to cast, but
                  | a little more powerful. [potion of mutation]
 44026 | Swamp:3  | Gained mutation: Your magical capacity is low. (-10% MP)
                  | [potion of mutation]
 44026 | Swamp:3  | Lost mutation: You are very frail. (-20% HP) [potion of
                  | mutation]
 44026 | Swamp:3  | Gained mutation: You have supernaturally acute eyesight.
                  | (SInv) [potion of mutation]
 44026 | Swamp:3  | Gained mutation: Your mind is acute. (Int +4, Str/Dex -1)
                  | [potion of mutation]
 44301 | D:15     | Lost mutation: Your magical capacity is low. (-10% MP)
                  | [potion of mutation]
 44301 | D:15     | Lost mutation: You are frail. (-10% HP) [potion of
                  | mutation]
 44301 | D:15     | Gained mutation: Your body sometimes deteriorates upon
                  | taking damage. [potion of mutation]
 44657 | Vaults:5 | Entered Level 5 of the Vaults
 44744 | Vaults:5 | Noticed an ancient lich
 45014 | Vaults:5 | Reached XP level 23. HP: 178/229 MP: 22/22
 45042 | Vaults:5 | Noticed an ancient lich
 45055 | Vaults:5 | Killed an ancient lich
 45066 | Vaults:5 | Received a gift from Trog
 45198 | Vaults:5 | Identified the +0 shortbow "Minotaur's Regret" {heavy,
                  | Stlth+}
 45225 | Vaults:5 | Identified a scroll of acquirement
 45238 | Vaults:5 | Found the +3 pair of gauntlets of War {Slay+5}
 45358 | Vaults:5 | Acquired 772 gold pieces
 45379 | Vaults:5 | Identified the +2 pair of gloves of the Imp {rElec rPois
                  | rC+ Str-2}
 45441 | Vaults:5 | Received a gift from Trog
 45557 | Vaults:5 | Killed an ancient lich
 45723 | Vaults:5 | Identified the +9 whip "Fegaygor" {vamp, rElec rPois}
 45737 | Vaults:5 | Reached skill level 15 in Dodging
 45865 | Vaults:5 | Identified the +0 ice dragon scales "Adiujues" {rF- rC++
                  | rN+}
 45870 | Vaults:5 | Noticed an ancient lich
 45871 | Vaults:5 | Noticed an ancient lich
 46260 | Vaults:5 | Noticed Jory
 46276 | Vaults:5 | Killed Jory
 46430 | Vaults:5 | Found the +2 shield of Resistance {rF++ rC++ Will++}
 46460 | Vaults:5 | Killed an ancient lich
 46498 | Vaults:5 | Got a silver rune of Zot
 46735 | Vaults:5 | Killed an ancient lich
 46735 | Vaults:5 | Received a gift from Trog
 48068 | Crypt:1  | Entered Level 1 of the Crypt
 48569 | Crypt:1  | Received a gift from Trog
 48715 | Crypt:1  | Reached XP level 24. HP: 206/235 MP: 22/22
 49314 | Crypt:2  | Received a gift from Trog
 49335 | Crypt:2  | Found a transporter.
 49361 | Crypt:2  | Noticed Zievuyg's ghost (adept MiFi)
 49362 | Crypt:2  | Noticed a royal mummy
 49408 | Crypt:2  | Found a transporter.
 49427 | Crypt:2  | Noticed Vetoew's ghost (veteran DsSu)
 49486 | Crypt:2  | Found a glowing golden altar of the Shining One.
 49499 | Crypt:2  | Found a burning altar of Makhleb.
 49837 | Crypt:3  | Entered Level 3 of the Crypt
 50138 | Crypt:3  | Received a gift from Trog
 50401 | Crypt:3  | Found a staircase to the Tomb.
 50440 | Crypt:3  | Reached skill level 15 in Throwing
 50987 | Crypt:3  | Received a gift from Trog
 51096 | Crypt:3  | Found the +3 robe of Clouds {*Thunder rCloud rElec}
 51113 | Crypt:3  | Identified the +2 shortbow of Folurash {drain, rPois Will-
                  | rCorr Int+4}
 51795 | Vaults:4 | Bought a scroll of enchant weapon for 135 gold pieces
 52116 | Orc:2    | Bought 2 potions of haste for 300 gold pieces
 52116 | Orc:2    | Bought a potion of berserk rage for 75 gold pieces
 52116 | Orc:2    | Bought a potion of curing for 45 gold pieces
 52116 | Orc:2    | Bought a potion of curing for 45 gold pieces
 52119 | Orc:2    | Bought a potion of resistance for 200 gold pieces
 52807 | Zot:1    | Entered Level 1 of the Realm of Zot
 52855 | Zot:1    | Noticed a shard shrike
 52955 | Zot:1    | Killed a shard shrike
 53069 | Zot:2    | Received a gift from Trog
 53078 | Zot:2    | Reached XP level 25. HP: 200/250 MP: 22/22
 53285 | Zot:2    | Noticed a Killer Klown
 53306 | Zot:2    | Killed a Killer Klown
 53699 | Zot:1    | Received a gift from Trog
 53778 | Zot:1    | Found the +8 trident of the Octopus King {venom, rElec
                  | rPois}
 53781 | Zot:1    | Noticed a dread lich
 53790 | Zot:1    | Killed a dread lich
 53790 | Zot:1    | Noticed an ancient lich
 53800 | Zot:1    | Killed an ancient lich
 54314 | Zot:2    | You fall into a shaft and drop 1 floor!
 55999 | Zot:4    | Received a gift from Trog
 56676 | Zot:4    | Reached XP level 26. HP: 186/261 MP: 22/22
 57063 | Zot:4    | Reached XP level 27. HP: 269/269 MP: 22/22
 57209 | Zot:5    | Entered Level 5 of the Realm of Zot
 57209 | Zot:5    | Found a transporter.
 57215 | Zot:5    | Noticed Benajun's ghost (veteran OgBe)
 57237 | Zot:5    | Lost mutation: Your mind is acute. (Int +4, Str/Dex -1)
                  | [potion of mutation]
 57237 | Zot:5    | Lost mutation: Your body sometimes deteriorates upon taking
                  | damage. [potion of mutation]
 57237 | Zot:5    | Lost mutation: You have supernaturally acute eyesight.
                  | (SInv) [potion of mutation]
 57237 | Zot:5    | Gained mutation: Your mind is acute. (Int +4, Str/Dex -1)
                  | [potion of mutation]
 57237 | Zot:5    | Gained mutation: You are frail. (-10% HP) [potion of
                  | mutation]
 57237 | Zot:5    | Gained mutation: You have sharp toenails. [potion of
                  | mutation]
 57238 | Zot:5    | Lost mutation: You have sharp toenails. [potion of
                  | mutation]
 57238 | Zot:5    | Lost mutation: Your mind is acute. (Int +4, Str/Dex -1)
                  | [potion of mutation]
 57238 | Zot:5    | Gained mutation: You have hidden genetic defects. [potion
                  | of mutation]
 57238 | Zot:5    | Gained mutation: You are vulnerable to cold. (rC-) [potion
                  | of mutation]
 57239 | Zot:5    | Lost mutation: You have hidden genetic defects. [potion of
                  | mutation]
 57239 | Zot:5    | Lost mutation: You are vulnerable to cold. (rC-) [potion of
                  | mutation]
 57239 | Zot:5    | Lost mutation: You occasionally lose the ability to read
                  | scrolls when taking damage. [potion of mutation]
 57239 | Zot:5    | Lost mutation: You are frail. (-10% HP) [potion of
                  | mutation]
 57239 | Zot:5    | Gained mutation: You have sharp fingernails. [potion of
                  | mutation]
 57239 | Zot:5    | Gained mutation: You do not regenerate when monsters are
                  | visible. [potion of mutation]
 57572 | Crypt:2  | Killed Zievuyg's ghost
 57576 | Crypt:2  | Killed Vetoew's ghost
 57578 | Crypt:2  | Killed a royal mummy
 58308 | Zot:5    | Found a transporter.
 58348 | Zot:5    | Found the +0 pair of fencer's gloves {Riposte Dex+3}
 58629 | Zot:5    | Noticed an orb of fire
 58636 | Zot:5    | Noticed an orb of fire
 58643 | Zot:5    | Noticed an orb of fire
 58650 | Zot:5    | Killed an orb of fire
 58664 | Zot:5    | Noticed an orb of fire
 58664 | Zot:5    | Noticed a dread lich
 58671 | Zot:5    | Killed an orb of fire
 58671 | Zot:5    | Noticed a dread lich
 58677 | Zot:5    | Noticed an ancient lich
 58681 | Zot:5    | Killed a dread lich
 58684 | Zot:5    | Killed a dread lich
 58700 | Zot:5    | Killed an ancient lich
 58932 | Zot:5    | Identified the +3 war axe "Grom" {heavy, *Slow Dex+5} (Trog
                  | gifted it to you on level 5 of the Realm of Zot)
 58932 | Zot:5    | Received a gift from Trog
 59071 | Zot:5    | Killed an orb of fire
 59469 | Zot:5    | Gained mutation: Your spells are a little easier to cast,
                  | but a little less powerful. [an orb of fire]
 59473 | Zot:5    | Gained mutation: You are vulnerable to cold. (rC-) [an orb
                  | of fire]
 59474 | Zot:5    | Killed an orb of fire
 59793 | Depths:3 | Voluntarily entered the Abyss.
 59796 | Abyss:1  | Found a corrupted altar of Lugonu.
 59800 | Abyss:1  | Found a corrupted altar of Lugonu.
 60259 | Abyss:2  | Found a corrupted altar of Lugonu.
 60597 | Abyss:3  | Found a corrupted altar of Lugonu.
 60611 | Abyss:3  | Found a corrupted altar of Lugonu.
 60618 | Abyss:3  | Gained mutation: Your body sometimes deteriorates upon
                  | taking damage. [a neqoxec]
 60620 | Abyss:3  | Gained mutation: You are weak. (Str -2) [a neqoxec]
 60664 | Abyss:3  | Received a gift from Trog
 60776 | Abyss:4  | Got an abyssal rune of Zot
 60796 | Depths:3 | Escaped the Abyss
 60846 | Hell     | Entered the Vestibule of Hell
 60846 | Hell     | Noticed Geryon
 60856 | Hell     | Killed Geryon
 60919 | Hell     | Found a gateway to the freezing wastes of Cocytus.
 60996 | Hell     | Found a gateway to the ashen valley of Gehenna.
 61068 | Hell     | Found a gateway to the Iron City of Dis.
 61456 | Hell     | Found a gateway to the decaying netherworld of Tartarus.
 61647 | Zig:1    | Entered Level 1 of a ziggurat
 61669 | Zig:2    | Entered Level 2 of a ziggurat
 61688 | Zig:3    | Entered Level 3 of a ziggurat
 61752 | Zig:4    | Entered Level 4 of a ziggurat
 61755 | Zig:4    | Found the +3 Mad Mage's Maulers {Infuse+∞ VampMP -Cast}
 61817 | Zig:5    | Entered Level 5 of a ziggurat
 62113 | Zig:5    | Identified the +0 robe of the Viny Grue {*Slow rC+ rCorr
                  | Dex+2}
 62149 | Zig:6    | Entered Level 6 of a ziggurat
 62154 | Zig:6    | Noticed an ancient lich
 62169 | Zig:6    | Killed an ancient lich
 62338 | Zig:7    | Entered Level 7 of a ziggurat
 62703 | Zig:7    | Identified the +3 rapier of Cheibriados, Piercing {heavy,
                  | rPois Int+2 SInv}
 62727 | Zig:8    | Entered Level 8 of a ziggurat
 62731 | Zig:8    | Noticed a royal mummy
 62736 | Zig:8    | Noticed a royal mummy
 62743 | Zig:8    | Killed a royal mummy
 62767 | Zig:8    | Killed a royal mummy
 63134 | Zig:8    | Identified the +8 triple crossbow of Mayhem {drain, rPois
                  | rC++ Str-2 Int+2}
 63149 | Zig:9    | Entered Level 9 of a ziggurat
 63156 | Zig:9    | Found the +7 lajatang of Order {silver, rMut}
 63157 | Zig:9    | Noticed an ancient lich
 63157 | Zig:9    | Noticed a dread lich
 63157 | Zig:9    | Noticed an ancient lich
 63171 | Zig:9    | Noticed a dread lich
 63175 | Zig:9    | Killed an ancient lich
 63194 | Zig:9    | Killed from afar by an ancient lich

Illustrated notes

Levels and vault maps discovered:
D:1:      matt_arrival_refuge, layout_basic
D:2:      layout_basic, basic_ecumenical_altar, st_stairs_2
D:3:      layout_loops_ring, serial_glass, glass_columns_a, glass_columns_a,
          grunt_ministairs_9, guppyfry_early_orc_mine
D:4:      layout_cave_pools, kennysheep_orc_sif_temple, enter_ossuary_3,
          serial_shops, nicolae_stop_n_shop_2, uniq_duvessa, uniq_menkaure
D:5:      layout_cave_pods, serial_rivers, chequers_serial_rivers_room_b,
          chequers_serial_rivers_small_3, chequers_serial_rivers_micro_b,
          chequers_serial_rivers_micro_b, chequers_serial_rivers_large_b,
          chequers_serial_rivers_micro_b, serial_shops,
          nicolae_shop_behind_doors
D:6:      layout_loops_corners, mainiacjoe_overflow_alcove_1,
          nemelex_dance_club_becter, mainiacjoe_overflow_swirl,
          minmay_temple_entry_ruins, kennysheep_nondescript,
          kennysheep_decorative_pillar, chequers_serial_rivers_marsh, uniq_pikel
D:7:      layout_gridville
D:8:      layout_basic, mainiacjoe_overflow_small_starburst, enter_bailey_5,
          serial_park_tiny_2, uniq_erica, uniq_maggie, uniq_psyche, uniq_maurice
D:9:      layout_gridville, erik_lair_island, gammafunk_ghost_spectres
D:10:     layout_basic, lemuel_round_altar, orc_0_dummy, nicolae_evil_shop
D:11:     layout_basic, nrook_guardian_serpent_double
D:12:     layout_rooms, trove_entry_hex_spiral, wad_scary_box
D:13:     layout_long_grid
D:14:     layout_loops_cross, erik_vaults_2, nicolae_triple_integral
D:15:     hangedman_depths_entry_civil_slaughter, layout_small_grid
Lair:1:   layout_regular_city, lemuel_fruit_fields, uniq_sonja
Lair:2:   layout_small_grid, dummy_snake_entry, st_stairs_3,
          nicolae_quartered_pool_little, serial_bayou_shore_a,
          grunt_megastairs_5
Lair:3:   layout_gridlike, minmay_swamp_entry_eels,
          nicolae_lair_run_with_the_wolves, grunt_megastairs_4
Lair:4:   layout_loops_ring, uniq_kirke, uniq_josephine
Lair:5:   guppyfry_lair_end_dragon, layout_long_grid,
          hangedman_lair_caniforms_friends, slime_entry_1
Swamp:1:  layout_basic_swamp, evilmike_swamp_ruin_rubble_1
Swamp:2:  layout_basic_swamp, nicolae_swamp_well_well_well, swamp_pool5,
          nicolae_swamp_some_circles
Swamp:3:  layout_basic_swamp, nicolae_swamp_long_stream, swamp_pool5
Swamp:4:  swamp_alternative, layout_basic_swamp, swamp_pool4, uniq_louise,
          uniq_bai_suzhen
Snake:1:  layout_chambers
Snake:2:  layout_onion, gammafunk_ghost_berserking_beasts,
          nicolae_snake_mages_go_home, uniq_aizul
Snake:3:  hangedman_cross_veins, layout_misc_corridors,
          nicolae_snake_yet_another_twisty_hallway, serial_bayou_ford_a
Snake:4:  grunt_snake_rune_serpentine_throne, layout_cave_shapes
Slime:1:  layout_caves
Slime:2:  nicolae_slime_jelly_donut, layout_caves,
          cheibrodos_slime_lost_civilization_7
Slime:3:  layout_caves
Slime:4:  layout_caves
Slime:5
Orc:1:    layout_diamond_mine, gammafunk_ghost_stat_death, uniq_jorgrun
Orc:2:    st_orc_rangers, layout_diamond_mine, serial_shops, shop_statue,
          nicolae_shop_temple_entry_statues_fountains, hangedman_feature_mirror,
          nicolae_shop_vocational, uniq_rupert
Vaults:1: ontoclasm_vaults_ring_square, ontoclasm_vaults_spin, v_rooms_4,
          vaults_room_corners, ontoclasm_vaults_hangar,
          nicolae_vaults_little_squares_4, hangedman_vaults_impose,
          vaults_dpeg_diagonal, ontoclasm_vaults_pinch,
          nicolae_vaults_triangles, v_misc_15, vaults_dpeg_ring,
          ontoclasm_vaults_ring_small, nicolae_vaults_border_crossing,
          layout_vaults_omnicross
Vaults:2: v_misc_17, vaults_room_semicircle, v_misc_19, serial_ice_m, v_misc_16,
          v_misc_4, nicolae_vaults_circle_grid_b, ontoclasm_vaults_ring_large,
          nicolae_vaults_statue_guard, layout_vaults_chaotic_city
Vaults:3: vaults_room_hangedman_quadrants, v_misc_29, grunt_vaults_diagonal,
          v_pattern_3, v_misc_25, nicolae_vaults_stairing_the_circle,
          nicolae_vaults_theta, hangedman_vaults_maws, layout_vaults_omnigrid
Vaults:4: dpeg_vaults_hating_casters, v_alt_pattern_6,
          hangedman_vaults_stitches, hangedman_vaults_cutoff,
          nicolae_vaults_mini_display_case, grunt_vaults_focal,
          ontoclasm_vaults_shuriken, ontoclasm_vaults_fault,
          nicolae_vaults_windows_and_doors_thing,
          nicolae_vaults_diagonal_hallway_6, nicolae_vaults_three_branches,
          vaults_room_pools, v_misc_16, vaults_room_door_ring,
          layout_vaults_ring, serial_shops, nicolae_shop_crystal
Vaults:5: uniq_jory
Crypt:1:  layout_regular_city, st_stairs_9, grunt_megastairs_1,
          grunt_crypt_arrival_split
Crypt:2:  layout_gridlike, nzn_ghost_randoct, nzn_life_drinkers
Crypt:3:  due_elkab, layout_chaotic_city, tomb_entry_simple_bobbens
Depths:1: layout_roguey, grunt_gozag_statues, grunt_hell_entry_dis_grunt,
          abyss_entry, chequers_serial_rivers_micro_d, drop_trap,
          grunt_decor_resistance, kennysheep_generic_room_12
Depths:2: minmay_tile_spiral, layout_long_grid, enter_ziggurat_b,
          pf_vacation_house_of_asmodeus, grunt_pan_entry_in_and_out,
          hangedman_abyss_or_decor_stagger
Depths:3: kennysheep_gozag_temple, layout_honeycomb, abyss_entry_crystal,
          hell_entry, minmay_misc_feat_five, hangedman_aviary,
          infiniplex_staircase_door_maze, firewood_loft, uniq_sojobo
Depths:4: grunt_crosshair, layout_gridville, hell_entry, okawaru_trees_1,
          grunt_potential
Hell
Zot:1:    hangedman_snap_crack_crunch, layout_concentric_octagons,
          hangedman_zot_spectrum
Zot:2:    layout_misc_corridors
Zot:3:    layout_onion
Zot:4:    kennysheep_bubbly, layout_concentric_octagons, zot_minivault_3
Zot:5:    layout_misc_corridors, gammafunk_ghost_arena
Zig:9

Skill      XL: |  1  2  3  4  5  6  7  8  9 10 11 12 13 14 15 16 17 18 19 20 21 22 23 24 25 26 27 |
---------------+----------------------------------------------------------------------------------+-----
Axes           | 4 5 6 7 8 9 12 14 16 17 18 | 18.8
Fighting       | 4 5 6 7 9 11 12 13 14 15 16 18 19 20 22 24 25 26 | 26.9
Stealth        | 1 2 3 4 6 |  6.9
Evocations     | 1 2 3 4 5 7 8 9 11 15 16 17 18 | 18.2
Maces & Flails | 8 9 10 11 | 11.4
Armour         | 4 7 9 11 13 14 15 16 18 19 20 22 23 24 25 26 | 26.0
Dodging        | 4 6 8 10 12 13 14 15 18 | 18.3
Ranged Weapons | 4 6 |  6.0
Shields        | 6 9 12 14 15 16 17 18 | 18.4
Throwing       | 1 5 6 8 11 12 13 16 19 22 | 22.8

Action                     |  1- 3 |  4- 6 |  7- 9 | 10-12 | 13-15 | 16-18 | 19-21 | 22-24 | 25-27 || total
---------------------------+-------+-------+-------+-------+-------+-------+-------+-------+-------++-------
  Melee: Hand axe          |    28 |       |       |       |       |       |       |       |       ||    28
         Punch             |     2 |       |     1 |     3 |     4 |       |       |       |       ||    10
         War axe           |    51 |   110 |    28 |    22 |       |       |       |       |       ||   211
         Headbutt          |    14 |    22 |    21 |    67 |   150 |   221 |   275 |   354 |   245 ||  1369
         Shillelagh        |       |       |   104 |   138 |   115 |    25 |       |       |       ||   382
         Broad axe         |       |       |       |   169 |   641 |   942 |   968 |  1141 |   797 ||  4658
   Fire: Shortbow          |       |    34 |    90 |   175 |    94 |       |       |       |       ||   393
  Throw: Throwing net      |       |     2 |       |       |       |       |       |       |       ||     2
         Boomerang         |       |       |       |     2 |     1 |    46 |    12 |    76 |   105 ||   242
         Dart              |       |       |       |     3 |    14 |     1 |    22 |       |     6 ||    46
         Javelin           |       |       |       |       |       |       |       |     2 |    29 ||    31
 Invoke: Berserk           |       |     1 |       |     1 |     2 |     1 |     2 |       |     2 ||     9
         Trog's Hand       |       |     1 |       |     1 |     5 |     3 |    11 |     4 |     7 ||    32
         Brothers in Arms  |       |       |       |       |       |       |       |     1 |     4 ||     5
Ability: Evoke Blink       |       |       |       |       |       |       |       |     1 |     3 ||     4
  Evoke: Wand              |       |     1 |     2 |    17 |     9 |     5 |    24 |    11 |    18 ||    87
         Tin of tremorston |       |       |       |       |     2 |     2 |     6 |     2 |     2 ||    14
         Phantom mirror    |       |       |       |       |     2 |     1 |     3 |       |     1 ||     7
         Lightning rod     |       |       |       |       |       |       |     4 |       |     1 ||     5
         Condenser vane    |       |       |       |       |       |       |       |     1 |     5 ||     6
         Phial of floods   |       |       |       |       |       |       |       |       |     1 ||     1
    Use: Scroll            |       |    11 |       |    14 |    10 |     6 |     9 |    13 |    12 ||    75
         Potion            |       |       |       |       |       |       |     4 |    12 |    32 ||    48
   Stab: Sleeping          |     1 |     2 |     2 |       |       |       |       |       |       ||     5
         Distracted        |       |     1 |       |       |       |     2 |     1 |       |       ||     4
         Paralysed         |       |       |       |       |       |       |     1 |       |     2 ||     3
         Invisible         |       |       |       |       |       |       |       |       |     1 ||     1
 Armour: Animal skin       |     6 |       |       |       |       |       |       |       |       ||     6
         Leather armour    |    10 |    15 |       |       |       |       |       |       |       ||    25
         Ring mail         |       |    15 |    66 |     5 |       |       |       |       |       ||    86
         Gold dragon scale |       |       |       |   322 |   781 |   672 |   627 |   710 |   575 ||  3687
  Dodge: Dodged            |    49 |    65 |    59 |   135 |   377 |   495 |   507 |   582 |   554 ||  2823
  Block: Buckler           |       |       |       |       |   129 |       |       |       |       ||   129
         Kite shield       |       |       |       |       |    66 |   725 |   697 |   844 |   674 ||  3006

Table legend: (Time is in decaauts)
 A = Elapsed time spent in this place.
 B = Non-inter-level travel time spent in this place.
 C = Inter-level travel time spent in this place.
 D = Time resting spent in this place.
 E = Time spent auto-exploring this place.
 F = Levels seen in this place.
 G = Mean time per level.
                   A        B        C        D        E       F      G
               +--------+--------+--------+--------+--------+-----+--------+
         Total |  64199 |  55157 |   9042 |   2345 |  38116 |  68 |  944.1 |
       Dungeon |  16004 |  13144 |   2860 |    635 |   9790 |  15 | 1066.9 |
          Lair |   6870 |   5076 |   1794 |      0 |   3623 |   5 | 1374.0 |
         Swamp |   2749 |   2504 |    245 |     36 |   1821 |   4 |  687.2 |
     Snake Pit |   5315 |   4852 |    463 |    191 |   3550 |   4 | 1328.8 |
    Slime Pits |   2193 |   1923 |    270 |    222 |    807 |   5 |  438.6 |
  Orcish Mines |   1817 |   1490 |    327 |     97 |    859 |   2 |  908.5 |
        Vaults |   8536 |   7320 |   1216 |    352 |   4798 |   5 | 1707.2 |
         Crypt |   4133 |   3581 |    552 |    158 |   2385 |   3 | 1377.7 |
        Depths |   6370 |   5605 |    765 |    217 |   3894 |   4 | 1592.5 |
          Hell |    748 |    727 |     21 |      0 |    581 |   1 |  748.0 |
           Zot |   6007 |   5483 |    524 |    301 |   3865 |   5 | 1201.4 |
         Abyss |   1034 |   1034 |      0 |      2 |    618 |   4 |  258.5 |
      Ziggurat |   1530 |   1530 |      0 |      2 |   1146 |   9 |  170.0 |
       Ossuary |    231 |    231 |      0 |      0 |    113 |   1 |  231.0 |
        Bailey |    654 |    654 |      0 |    130 |    263 |   1 |  654.0 |
               +--------+--------+--------+--------+--------+-----+--------+

Top non-repeatable levels by time:
Vaults:5: 2169 daAuts
Depths:4: 1803 daAuts
Depths:2: 1800 daAuts
Depths:3: 1700 daAuts
  Lair:2: 1683 daAuts
Vaults:4: 1665 daAuts
   Zot:4: 1629 daAuts
 Crypt:3: 1620 daAuts
Vaults:1: 1594 daAuts
Vaults:2: 1592 daAuts
 Snake:1: 1558 daAuts
  Lair:1: 1548 daAuts
Vaults:3: 1513 daAuts
     D:9: 1506 daAuts
  Lair:5: 1491 daAuts
